AoeStats
← UPHARSIN

Arabia

503285451Analyzed
1v1 RM · 2mo ago on Aug 31, 2026· 38m 3s· 2 players
Game mode
Random Map
Map size
Tiny (2 player)
Population
200
Speed
Normal
Resources
Standard
Victory
Conquest
Starting age
Dark Age
Ending age
Imperial Age
RankedLock teamsTeams togetherTeam positionsShared explorationLock speedFull tech treeHidden civsTurbo modeCheats
Victory
Defeat
🇨🇦 Bulgarians · Canada
1328
+16
vs
🇷🇴 Khmer · Romania
1336
-16
UPHARSIN
6:36 Loom
9:03 Feudal Age
9:32 Double-Bit Axe
12:43 Horse Collar
20:41 Castle Age
19:54 Scale Barding Armor
19:59 Forging
21:25 Bloodlines
22:36 Chain Barding Armor
27:06 Husbandry
28:57 Fletching
29:36 Bodkin Arrow
37:03 Bloodlines
36:57 Bodkin Arrow
Pantera
9:45 Feudal Age
8:02 Loom
12:29 Double-Bit Axe
17:40 Horse Collar
20:09 Forging
23:16 Castle Age
21:37 Scale Barding Armor
23:16 Gold Mining
24:19 Chain Barding Armor
24:11 Bloodlines
24:02 Husbandry
25:00 Iron Casting
26:51 Bow Saw
32:50 Stone Mining
36:05 Wheelbarrow
35:47 Fletching
Connection lost

Rejoining the realm…

Still unreachable

The connection could not be restored.

Session expired

The server has moved on; the page needs a fresh start.